 Dungeon Crawl Stone Soup version 0.32-a0-834-geaf45d8 (webtiles) character file.

Game seed: 10999398706247079372

3111629 sdynet the Englaciator (level 27, 171/171 HPs)
             Began as an Octopode Alchemist on Mar 23, 2024.
             Was the Champion of Jiyva.
             Escaped with the Orb
             ... and 4 runes
             ... and 3 gems on Mar 25, 2024!
             The game lasted 05:20:09 (52100 turns).

sdynet the Englaciator (Octopode Alchemist)        Turns: 52100, Time: 05:20:09

Health: 171/171    AC: 10    Str: 11    XL:     27
Magic:  54/54      EV: 25    Int: 41    God:    Jiyva [******]
Gold:   539        SH: 33    Dex: 17    Spells: 4/80 levels left

rFire   + + .        a - staff of Rafriolo {rC+ Will+ rCorr Ice, !d}
rCold   + + +        L - +8 tower shield
rNeg    + + .        E - +2 hat
rPois   +            m - amulet of reflection
rElec   +            B - ring "Foshiot" {*Slow rPois rF+ Will+++ MP+9}
rCorr   +            C - ring of Foolhardiness {Will+ Int+4}
SInv    +            V - ring of Gulioni {MP-9 EV+5 Int+4 Dex+4}
Will    +++++        S - ring "Kisereh" {rN++ Will+ Int-2 Stlth+}
Stlth   ++           e - ring of the Firefly {rF+ rCorr AC+4 Str-2 SInv}
HPRegen 2.88/turn    q - ring of the Baking Gods {rElec Str+6 Int+5}
MPRegen 1.14/turn    M - ring "Sueq Mau" {Wiz rPois Str-3 Int+2}
                     y - ring of ice

%: slow self (1%), reflection, wizardry (x1)
@: studying 3 skills
A: almost no armour, amphibious, 8 rings, camouflage 1, gelatinous body 3,
(nimble swimmer 1), tentacles, fangs 3, tentacle spike 3, cold resistance 2,
fire resistance 1, strong-willed 1, regeneration 1, shaggy fur 1, eyeballs 1,
pseudopods 3, tendrils, jelly sensing items, engulf, noise suppression
0: Orb of Zot
}: 4/15 runes: barnacled, slimy, silver, gossamer
a: Renounce Religion, Oozemancy, Slimify


You escaped.
You worshipped Jiyva.
Jiyva was exalted by your worship.
You visited 12 branches of the dungeon, and saw 54 of its levels.
You visited 1 bazaar.
You also visited: Trove, Sewer, Ossuary, Bailey and Gauntlet.

You collected 9547 gold pieces.
You spent 9008 gold pieces at shops.

Inventory:

Missiles
 Q - 5 throwing nets
 Y - 6 curare-tipped darts
Armour
 b - the +0 mask of the Dragon {Will+ Slay+3 SInv}
   (You found it on level 4 of the Realm of Zot)

   Slay+3:    It affects your accuracy & damage with ranged weapons and melee
   (+3).
   Will+:     It increases your willpower.
   SInv:      It lets you see invisible.
 E - a +2 hat (worn)
 L - a +8 tower shield (worn)
Magical Staves
 a - the staff of Rafriolo (weapon) {rC+ Will+ rCorr Ice, !d}
   (You found it on level 5 of the Pits of Slime)

   [staff of cold]

   Base accuracy: +5 Base damage: 5 Base attack delay: 1.2 This weapon's minimum
   attack delay (0.6) is reached at skill level 12.
   rC+:       It protects you from cold.
   Will+:     It increases your willpower.
   rCorr:     It protects you from acid and corrosion.
   Ice:       It increases the power of your Ice spells.
   It falls into the 'Staves' category.
   It is a one-tentacled weapon.
Jewellery
 c - a ring of the Octopus King {rF+ HP+2 AC+2 EV+2 SH+2}
   (You took it off a deep elf demonologist on level 3 of the Elven Halls)

   [ring of protection from fire]

   AC+2:      It affects your AC (+2).
   EV+2:      It affects your evasion (+2).
   rF+:       It protects you from fire.
   HP+2:      It affects your health (+2).
   SH+2:      It affects your SH (+2).
 e - the ring of the Firefly (on tentacle) {rF+ rCorr AC+4 Str-2 SInv}
   (You acquired it on level 8 of the Dungeon)

   [ring of protection]

   AC+4:      It affects your AC (+4).
   Str-2:     It affects your strength (-2).
   rF+:       It protects you from fire.
   SInv:      It lets you see invisible.
   rCorr:     It protects you from acid and corrosion.
 m - an amulet of reflection (around mantle)
 q - the ring of the Baking Gods (on tentacle) {rElec Str+6 Int+5}
   (You found it in a Gauntlet)

   [ring of strength]

   Str+6:     It affects your strength (+6).
   Int+5:     It affects your intelligence (+5).
   rElec:     It insulates you from electricity.
 t - the ring "Fahiusof" {Fly EV+5 Str+3 Dex+2}
   (You found it on level 4 of the Realm of Zot)

   [ring of evasion]

   EV+5:      It affects your evasion (+5).
   Str+3:     It affects your strength (+3).
   Dex+2:     It affects your dexterity (+2).
   Fly:       It grants you flight.
 y - a ring of ice (on tentacle)
 B - the ring "Foshiot" (left tentacle) {*Slow rPois rF+ Will+++ MP+9}
   (You found it on level 3 of the Vaults)

   [ring of protection from fire]

   rF+:       It protects you from fire.
   rPois:     It protects you from poison.
   Will+++:   It greatly increases your willpower.
   MP+9:      It affects your magic capacity (+9).
   *Slow:     It may slow you when you take damage.
 C - the ring of Foolhardiness (right tentacle) {Will+ Int+4}
   (You found it on level 1 of the Depths)

   [ring of willpower]

   Int+4:     It affects your intelligence (+4).
   Will+:     It increases your willpower.
 M - the ring "Sueq Mau" (on tentacle) {Wiz rPois Str-3 Int+2}
   (You found it in a Gauntlet)

   [ring of wizardry]

   Wiz:       It improves your spell success rate.
   Str-3:     It affects your strength (-3).
   Int+2:     It affects your intelligence (+2).
   rPois:     It protects you from poison.
 O - a ring of wizardry
 S - the ring "Kisereh" (on tentacle) {rN++ Will+ Int-2 Stlth+}
   (You acquired it on level 1 of the Lair of Beasts)

   [ring of willpower]

   Int-2:     It affects your intelligence (-2).
   rN++:      It greatly protects you from negative energy.
   Will+:     It increases your willpower.
   Stlth+:    It makes you more stealthy.
 V - the ring of Gulioni (on tentacle) {MP-9 EV+5 Int+4 Dex+4}
   (You found it on level 5 of the Vaults)

   [ring of evasion]

   EV+5:      It affects your evasion (+5).
   Int+4:     It affects your intelligence (+4).
   Dex+4:     It affects your dexterity (+4).
   MP-9:      It affects your magic capacity (-9).
Wands
 k - a wand of light (14)
 H - a wand of warping (30)
 W - a wand of digging (16)
Scrolls
 f - 5 scrolls of enchant armour
 g - 2 scrolls of silence {!r}
 l - 2 scrolls of fear {!r}
 n - 15 scrolls of teleportation {!r}
 p - 5 scrolls of poison
 u - 10 scrolls of blinking
 w - 5 scrolls of revelation {!r}
 G - 2 scrolls of immolation
 J - 8 scrolls of fog {!r}
 K - 6 scrolls of butterflies
 T - 6 scrolls of amnesia
 X - a scroll of vulnerability
Potions
 d - 2 potions of enlightenment {!q}
 h - 6 potions of curing {!q}
 i - a potion of resistance {!q}
 o - 7 potions of attraction
 r - 6 potions of heal wounds {!q}
 x - a potion of cancellation {!q}
 z - 11 potions of mutation
 D - a potion of invisibility {!q}
 F - 2 potions of enlightenment {!q!q}
 R - 4 potions of magic {!q}
 U - 2 potions of ambrosia {!q}
Miscellaneous
 v - a lightning rod (4/4)
 A - a phantom mirror
 I - a box of beasts
 N - a condenser vane
 P - a phial of floods


   Skills:
 - Level 10.0 Fighting
 - Level 13.4 Dodging
 - Level 6.0 Stealth
 - Level 17.0 Shields
 O Level 27 Spellcasting
 - Level 3.0 Conjurations
 - Level 5.0 Hexes
 - Level 4.0 Necromancy
 + Level 6.2 Translocations
 - Level 9.0 Fire Magic
 O Level 27 Ice Magic
 - Level 9.0 Air Magic
 - Level 6.0 Earth Magic
 - Level 12.1 Alchemy
 - Level 1.0 Invocations
 - Level 3.0 Evocations


You had 4 spell levels left.
You knew the following spells:

 Your Spells              Type           Power      Damage    Failure   Level
a - Searing Ray           Conj           100%       2d8       1%          2
b - Plasma Beam           Fire/Air       46%        2x1d60    1%          6
c - Mephitic Cloud        Conj/Alch/Air  88%        N/A       1%          3
d - Fulminant Prism       Conj/Alch      43%        3d19      1%          4
e - Sticky Flame          Fire/Alch      97%        2d14      1%          4
f - Permafrost Eruption   Ice/Erth       81%        2x4d22    1%          6
g - Leda's Liquefaction   Alch/Erth      46%        N/A       1%          4
h - Ozocubu's Refrigerat  Ice            93%        4d28      0%          7
i - Dispersal             Tloc           41%        N/A       5%          6
p - Polar Vortex          Ice            93%        12d12*    1%          9
q - Blink                 Tloc           100%       N/A       1%          2
z - Ozocubu's Armour      Ice            100%       N/A       0%          3
A - Apportation           Tloc           100%       N/A       1%          1
B - Sublimation of Blood  Necr           73%        N/A       1%          2
O - Olgreb's Toxic Radia  Alch           100%       N/A       1%          4
P - Passwall              Erth           81%        N/A       1%          3
S - Silence               Hex/Air        42%        N/A       1%          5
Y - Yara's Violent Unrav  Hex/Alch       45%        3d18      1%          5

Your spell library contained the following spells:

 Spells                   Type           Power      Damage    Failure   Level
 Ensorcelled Hibernation  Hex/Ice        100%       N/A       0%          2
 Mercury Vapours          Alch/Air       100%       N/A       0%          2
 Frozen Ramparts          Ice            100%       1d16      0%          3
 Summon Ice Beast         Ice/Summ       100%       N/A       0%          3
 Foxfire                  Conj/Fire      100%       2x1d9     1%          1
 Magic Dart               Conj           100%       1d8       1%          1
 Necrotise                Necr           100%       1d9       1%          1
 Shock                    Conj/Air       100%       1d9       1%          1
 Sting                    Conj/Alch      100%       1d9       1%          1
 Summon Small Mammal      Summ           100%       N/A       1%          1
 Call Imp                 Summ           100%       N/A       1%          2
 Cigotuvi's Dreadful Rot  Necr/Alch/Air  100%       N/A       1%          2
 Jinxbite                 Hex            100%       N/A       1%          2
 Lesser Beckoning         Tloc           100%       N/A       1%          2
 Scorch                   Fire           100%       2d9       1%          2
 Static Discharge         Conj/Air       100%       3-8/arc   1%          2
 Confusing Touch          Hex            77%        N/A       1%          3
 Dazzling Flash           Conj/Hex       100%       N/A       1%          3
 Fugue of the Fallen      Necr           73%        N/A       1%          3
 Gell's Gravitas          Tloc           82%        N/A       1%          3
 Inner Flame              Hex/Fire       85%        N/A       1%          3
 Stone Arrow              Conj/Erth      100%       3d13      1%          3
 Swiftness                Air            92%        N/A       1%          3
 Teleport Other           Tloc           82%        N/A       1%          3
 Vampiric Draining        Necr           73%        2d11      1%          3
 Volatile Blastmotes      Fire/Tloc      100%       2d18      1%          3
 Airstrike                Air            46%        2d(7-23)  1%          4
 Anguish                  Hex/Necr       37%        N/A       1%          4
 Animate Dead             Necr           73%        N/A       1%          4
 Cause Fear               Hex            38%        N/A       1%          4
 Dimensional Bullseye     Hex/Tloc       40%        N/A       1%          4
 Flame Wave               Conj/Fire      81%        2d18      1%          4
 Ignite Poison            Fire/Alch      97%        N/A       1%          4
 Iskenderun's Mystic Bla  Conj/Tloc      75%        2d15      1%          4
 Manifold Assault         Tloc           82%        N/A       1%          4
 Martyr's Knell           Necr/Summ      64%        N/A       1%          4
 Passage of Golubria      Tloc           82%        N/A       1%          4
 Petrify                  Alch/Erth      92%        N/A       1%          4
 Summon Blazeheart Golem  Fire/Summ      75%        N/A       1%          4
 Summon Lightning Spire   Summ/Air       75%        N/A       1%          4
 Vhi's Electric Charge    Tloc/Air       100%       N/A       1%          4
 Alistair's Intoxication  Alch           67%        N/A       1%          5
 Arcjolt                  Conj/Air       40%        1d50      1%          5
 Borgnjor's Vile Clutch   Necr/Erth      38%        N/A       1%          5
 Fireball                 Conj/Fire      40%        3d16      1%          5
 Freezing Cloud           Conj/Ice/Air   76%        6-21      1%          5
 Irradiate                Conj/Alch      43%        3d26      1%          5
 Lee's Rapid Deconstruct  Erth           40%        3d20*     1%          5
 Metabolic Englaciation   Hex/Ice        80%        N/A       1%          5
 Sculpt Simulacrum        Ice/Alch       85%        N/A       1%          6
 Curse of Agony           Necr           73%        N/A       2%          5
 Iskenderun's Battlesphe  Conj           68%        2d12      3%          5
 Summon Forest            Summ/Tloc      34%        N/A       3%          5
 Summon Mana Viper        Hex/Summ       66%        N/A       4%          5
 Starburst                Conj/Fire      40%        6d12      6%          6
 Bombard                  Conj/Erth      37%        9d7       11%         6
 Death Channel            Necr           36%        N/A       13%         6
 Enfeeble                 Hex            38%        N/A       41%         7
 Summon Cactus Giant      Summ           26%        N/A       52%         6
 Ignition                 Fire           46%        3d13      54%         8
 Maxwell's Capacitive Co  Air            46%        ∞         54%         8
 Malign Gateway           Summ/Tloc      34%        N/A       67%         7
 Orb of Destruction       Conj           34%        9d10      69%         7
 Haunt                    Necr/Summ      32%        N/A       82%         7
 Spellforged Servitor     Conj/Summ      30%        N/A       86%         7
 Summon Hydra             Summ           26%        N/A       97%         7
 Discord                  Hex            38%        N/A       97%         8
 Lehudib's Crystal Spear  Conj/Erth      37%        10d9      98%         8
 Infestation              Necr           36%        N/A       99%         8
 Summon Horrible Things   Summ           26%        N/A       100%        8
 Death's Door             Necr           36%        N/A       100%        9
 Dragon's Call            Summ           26%        N/A       100%        9
 Fire Storm               Conj/Fire      40%        8d10      100%        9
 Animate Armour           Summ/Erth      Unusable   N/A       N/A         4

Dungeon Overview and Level Annotations

Branches:
Dungeon (15/15)            Temple (1/1) D:6            Lair (5/5) D:9
 Shoals (4/4) Lair:2       Spider (4/4) Lair:2        Slime (5/5) Lair:4
    Orc (2/2) D:9             Elf (3/3) Orc:2        Vaults (5/5) D:13
  Crypt (1/3) Vaults:3     Depths (4/4) D:15            Zot (5/5) Depths:4
  Sewer (visited)         Ossuary (visited)          Bailey (visited)
Gauntlet (visited)

Altars:
Ashenzari
Cheibriados
Dithmenos
Elyvilon
Fedhas
Gozag
Hepliaklqana
Kikubaaqudgha
Makhleb
Nemelex Xobeh
Okawaru
Qazlal
Ru
Sif Muna
Trog
Uskayaw
Vehumet
Wu Jian
Xom
Yredelemnul
Zin
The Shining One
Beogh
Jiyva

Shops:
D:2 (   D:6 !   Orc:1 *   Orc:2 [:[!?(   Elf:1 *   Elf:2 [   Elf:3 :
Shoals:1 =   Vaults:5 ?   Zot:1 *   Depths:4 [:[

Portals:
Hell: Depths:1 Depths:2 Depths:3 Depths:4
Abyss: Depths:1 Depths:3
Pandemonium: Depths:2 Depths:3 Depths:4
Ziggurat: Depths:2

Annotations:
D:10 1 exclusion
Slime:5 Royal Jelly
Elf:2 3 runed translucent doors


Innate Abilities, Weirdness & Mutations

You cannot wear most types of armour.
You are amphibious.
You can wear up to eight rings at the same time.
Your skin changes colour to match your surroundings (Stealth+).
Your gelatinous body deflects attacks. (AC +3, EV +3)
((You are camouflaged when in or above water. (Stealth+)))
You have tentacles for arms and can constrict up to eight enemies at once.
You have razor-sharp teeth.
One of your tentacles bears a large vicious spike.
Your flesh is very cold resistant. (rC++)
Your flesh is heat resistant. (rF+)
You are strong-willed. (Will+)
Your natural rate of healing is unusually fast.
You are covered in fur. (AC +1)
Your body has grown eyes which may confuse attackers. (Acc +3)
Armour fits poorly on your massive pseudopods.
You are covered in slimy tendrils that may disarm your opponents.
You have a small jelly attached to you that senses nearby items.
Your melee attacks may engulf your foes in ooze.
You passively dampen the noise of your surroundings.


Message History

Casting: Plasma Beam (mildly dangerous; 1% risk of failure)
Confirm with . or Enter, or press ? or * to list all spells.
You feel a strong surge of power!
Bitter cold erupts, blasting rock from the ceiling!
The mass of rock hits the neqoxec!!
You kill the neqoxec!
Piercing cold boils outward!
Magic restored.
There is a stone staircase leading up here.
You climb upwards.
There is a stone staircase leading down here.
You see here a +0 leather armour.
You see here a bat skeleton.
There is a stone staircase leading up here.
You climb upwards.
There is a stone staircase leading down here.
There is a stone staircase leading up here.
You are a level 27 Octopode Alchemist.
I'm sorry, level 27 is as high as you can go.
With the way you've been playing, I'm surprised you got this far.
Play time: 05:17:46 (52058 turns).
You are forever immune to Zot's power.
You climb upwards.
There is a stone staircase leading down here.
You hear a series of splatters.
You enter a permanent teleport trap!
Your surroundings suddenly seem different.
Things that are here:
a +0 club; a bat skeleton You hear a distant slurping noise.
There is a stone staircase leading down here.
You hear a distant slurping noise.
You hear a distant slurping noise. x2
You hear a distant slurping noise.
You swap places.
You hear a distant slurping noise.
You hear a distant slurping noise.
There is a staircase leading out of the dungeon here.
Char dumped successfully.
Unknown command.
You have escaped!

......# #...# #.# #.##
......# #...# #.###...
####### #...# #....###
#...# ####...# #####
###.. ##. ###########
#) #.........########.
#####.@................
#>.^#........#########.
#####........## #..
#.....#...## #.#
#....###...## #..
###.## ##...## ##. #.#
##...## #. #.# ##...#
#. #.## #..## ##


There were no monsters in sight!

Vanquished Creatures
  5 dread liches
  4 ancient liches (Zot:5)
  5 orbs of fire
  The ghost of Nacytt the Conqueror, a legendary MiFi of Cheibriados (Zot:3)
  A pandemonium lord (Depths:1)
  The ghost of Oqust the Cutthroat, a legendary GnCK of Makhleb (Zot:4)
  The ghost of Kuur the Shatterer, a veteran OnWr of Ashenzari (Depths:1)
  The ghost of Cuehoi Muffi the Slayer, a legendary TeBe of Trog (Zot:1)
  The ghost of Massirro the Minotaur Barricade, a veteran MiCA of Jiyva (Depths:1)
  Parghit (Depths:3)
  3 Killer Klowns
  Margery (Depths:3)
  6 curse toes
  The ghost of Sifibu the Fencer, a veteran CoWr of Gozag (Depths:1)
  12 golden dragons
  The ghost of Kimaxt the Thanatomancer, a veteran DjAE of Makhleb (Vaults:3)
  A caustic shrike (Depths:2)
  Nikola (Shoals:4)
  2 bone dragons (Depths:4)
  A Brimstone Fiend (Zot:4)
  2 hellephants
  A Tzitzimitl (Depths:1)
  3 electric golems
  Mlioglotl (Shoals:4)
  A Hell Sentinel (D:12)
  20 tentacled monstrosities
  Jorgrun (D:14)
  7 titans
  27 Orb Guardians
  The ghost of Maeli the Bludgeoner, an adept OnGl of Okawaru (Shoals:3)
  Asterion (Vaults:3)
  3 deep elf blademasters (Elf:3)
  10 quicksilver dragons
  5 liches
  3 deep elf master archers (Elf:3)
  A walking frostbound tome (Depths:2)
  A kraken (Shoals:1)
  Gastronok (Lair:2)
  5 sphinxes
  Polyphemus (Shoals:3)
  Frances (D:13)
  6 tengu reavers
  16 shadow dragons
  13 death cobs
  8 draconian monks
  Donald (Spider:4)
  21 storm dragons
  8 draconian knights
  Roxanne (Spider:4)
  5 protean progenitors
  4 emperor scorpions (Spider:4)
  12 ghost moths
  7 draconian scorchers
  10 frost giants
  A caustic shrike zombie (Depths:2)
  8 deep elf sorcerers
  9 fire giants
  Louise (Elf:3)
  2 iron dragons
  11 vault wardens
  2 deep elf elementalists (Elf:3)
  2 orc warlords
  7 draconian shifters
  An angel (Depths:3)
  2 spriggan defenders
  4 spectral caustic shrikes (Depths:1)
  23 very ugly things
  4 draconian stormcallers
  4 broodmothers
  17 ironbound preservers
  7 draconian annihilators
  A juggernaut skeleton (Depths:2)
  7 ironbound thunderhulks
  The ghost of Vianliurue the Stormcaller, an adept TeAE of Vehumet (Shoals:3)
  2 vampire knights
  15 stone giants
  10 green draconians
  7 deep elf annihilators
  4 deep elf demonologists (Elf:3)
  15 red draconians
  8 deep elf death magi
  A minotaur (Gauntlet)
  8 white draconians
  17 black draconians
  Azrael (D:14)
  5 war gargoyles
  4 spark wasps
  5 yellow draconians
  10 purple draconians
  A green death (Depths:3)
  2 blizzard demons
  5 merfolk impalers
  7 entropy weavers
  A deep elf high priest (Elf:3)
  4 eidola
  Josephine (D:12)
  11 ettins
  A crystal guardian (Vaults:3)
  9 fire dragons
  A quicksilver dragon zombie (Depths:2)
  2 jiangshi (Crypt:1)
  7 yaktaur captains
  39 vault guards
  4 merfolk javelineers (Shoals:4)
  Fannar (Lair:2)
  2 hell beasts (Zot:4)
  A hydra (D:13)
  12 ice dragons
  Erolcha (D:12)
  3 spriggan air magi
  8 ironbound frosthearts
  8 rakshasas
  A spriggan skeleton (Depths:2)
  3 jorogumos
  15 centaur warriors
  A juggernaut simulacrum (Depths:2)
  6 merfolk avatars
  2 ghost crabs (Spider:2)
  2 ogre magi (Orc:2)
  A satyr (Shoals:4)
  Erica (D:8)
  9 boulder beetles
  5 two-headed ogres
  3 alligator snapping turtles
  A peacekeeper (Vaults:3)
  15 dancing weapons
  5 deep troll shamans
  2 merfolk aquamancers
  4 tengu warriors
  A catoblepas (Shoals:3)
  12 deep troll earth magi
  A death knight (D:14)
  2 vampire magi
  5 occultists
  6 death yaks
  3 orc high priests (Orc:2)
  A thrashing horror (Gauntlet)
  6 spriggan berserkers
  8 demonic crawlers
  3 sun demons
  9 hell knights
  Sonja (Lair:4)
  4 spriggans
  A salamander mystic (Depths:2)
  3 soul eaters
  23 deep elf knights
  15 pharaoh ants
  4 skysharks
  9 sea snakes
  7 iron trolls
  A golden dragon zombie (Depths:2)
  A skeletal warrior (D:14)
  64 deep trolls
  A sixfirhy (D:9)
  6 orb spiders
  12 deep elf archers
  3 flayed ghosts
  A storm dragon skeleton (Depths:2)
  6 lindwurms
  6 arcanists
  8 ironbound convokers
  A tengu zombie (Depths:2)
  An orange crystal statue (Depths:1)
  7 steelbarb worms
  A lindwurm (shapeshifter) (Vaults:5)
  A swamp dragon (Lair:5)
  An obsidian statue (Zot:1)
  5 sun moths
  A shadow demon (Zot:3)
  11 phantasmal warriors
  12 thermic dynamos
  12 orc knights
  42 deep elf pyromancers
  22 deep elf zephyrmancers
  28 harpies
  12 manticores
  6 necromancers
  4 fauns
  5 salamanders (Depths:2)
  2 orc sorcerers
  17 wolf spiders
  5 cyclopes
  35 ugly things
  45 moths of wrath
  A frost giant skeleton (Depths:2)
  A toenail golem (Zot:5)
  6 meliai (Spider:4)
  17 vault sentinels
  4 black mambas
  3 iron dragon skeletons
  8 merfolk sirens
  3 centaur zombies (D:10)
  A kobold blastminer (Orc:2)
  A guardian serpent (shapeshifter) (Vaults:5)
  2 ice statues (Depths:1)
  A molten gargoyle (Depths:2)
  2 rust devils (Depths:2)
  9 torpor snails
  9 water nymphs
  19 cane toads
  A gargoyle (D:11)
  A cane toad (shapeshifter) (Elf:3)
  2 unseen horrors
  An unseen horror zombie (D:10)
  11 komodo dragons
  A swamp worm zombie (Crypt:1)
  15 yaktaurs
  4 freezing wraiths
  4 ice devils
  7 kobold demonologists
  2 tormentors
  2 tengu conjurers
  Psyche (D:12)
  3 rime drakes
  6 trolls
  A red devil (Depths:1)
  3 wind drakes
  31 merfolk
  2 polar bears
  9 tyrant leeches
  11 hornets
  29 blink frogs
  A tengu simulacrum (Depths:2)
  7 snapping turtles
  25 tarantellas
  2 dream sheep (Lair:5)
  An ettin zombie (Crypt:1)
  A frost giant simulacrum (Depths:2)
  A raiju (shapeshifter) (D:13)
  17 jumping spiders
  3 air elementals
  3 wyverns
  6 shadows
  A centaur simulacrum (D:15)
  A ynoxinul (D:7)
  13 wraiths
  27 yaks
  16 culicivoras
  3 vampires
  5 basilisks
  An ettin skeleton (Crypt:1)
  2 fire bats (Lair:3)
  13 water elementals
  11 fire elementals
  2 steam dragons
  A chaos spawn (Zot:4)
  Menkaure (D:4)
  41 redbacks
  14 vampire mosquitoes
  2 wargs
  A neqoxec (D:4)
  A glowing shapeshifter zombie (Depths:2)
  6 acid dragons
  10 water moccasins
  33 orc warriors
  A swamp drake (Lair:5)
  2 ice beasts
  6 ogres
  3 boggarts (Vaults:2)
  10 centaurs
  4 small abominations (Gauntlet)
  3 wolves (Lair:2)
  5 kobold brigands
  A yaktaur zombie (Crypt:1)
  An elf zombie (Ossuary)
  A weeping skull (Ossuary)
  10 bullfrogs
  A gnoll sergeant (D:11)
  A wyvern zombie (Crypt:1)
  An earth elemental (Elf:1)
  2 scorpions (D:4)
  A komodo dragon skeleton (Crypt:1)
  2 burial acolytes (Ossuary)
  7 wights
  5 killer bees (D:10)
  5 electric eels
  8 howler monkeys
  A crimson imp (D:9)
  2 human zombies
  18 orc priests
  2 bombardier beetles
  2 hounds
  A sleepcap (D:6)
  5 centaur skeletons
  2 gnoll boudas (D:9)
  33 orc wizards
  10 iguanas
  10 hell rats
  6 hound zombies (Ossuary)
  2 mummies (Ossuary)
  Robin (D:2)
  4 gnolls (D:11)
  A howler monkey skeleton (D:10)
  7 adders
  3 river rats (Sewer)
  A shadow imp (D:6)
  2 ufetubi (D:5)
  2 ribbon worms (D:3)
  2 dart slugs
  105 orcs
  8 bats
  6 endoplasms
  7 giant cockroaches
  3 gnoll zombies (Ossuary)
  19 goblins
  10 hobgoblins
  6 jackals (D:3)
  5 quokkas
  5 ball pythons
  6 frilled lizards
  29 kobolds
  An orc zombie (Ossuary)
  10 rats
  8 aspiring fleshes
  4 tentacles (Shoals:1)
2135 creatures vanquished.

Vanquished Creatures (collateral kills)
  2 ancient liches (Zot:5)
  An entropy weaver (Spider:4)
  An ironbound frostheart (Vaults:1)
  A deep troll (Vaults:3)
  A necromancer (D:15)
  A deep elf pyromancer (D:15)
  2 phantasmal warriors
  A centaur zombie (D:15)
  2 yaktaurs (Vaults:1)
  A harpy skeleton (D:15)
  A centaur simulacrum (D:15)
  A boggart simulacrum (D:15)
15 creatures vanquished.

Vanquished Creatures (others)
  A sphinx (Elf:1)
  5 great orbs of eyes
  A formless jellyfish (Vaults:3)
  An ironbound thunderhulk (Vaults:1)
  2 yaktaur captains (Vaults:3)
  An entropy weaver (shapeshifter) (Depths:1)
  A merfolk avatar (Shoals:2)
  2 centaur warriors (Vaults:2)
  A death knight (Vaults:3)
  A fire crab (shapeshifter) (Vaults:5)
  A sea snake (shapeshifter) (Vaults:5)
  2 glowing orange brains
  2 glowing orange brains (shapeshifter) (Vaults:5)
  A phantasmal warrior (Vaults:5)
  3 arcanists
  A deep elf archer (Elf:1)
  2 ironbound convokers
  A deep elf zephyrmancer (Elf:1)
  A shining eye (Zot:2)
  A harpy (Vaults:4)
  A deep elf pyromancer (Elf:3)
  5 ugly things
  A manticore (D:14)
  A manticore (shapeshifter) (Vaults:5)
  A cyclops (shapeshifter) (Vaults:5)
  A vault sentinel (Vaults:4)
  A torpor snail (Lair:5)
  A hellion (Depths:4)
  3 yaktaurs (Vaults:3)
  A tyrant leech (Spider:2)
  2 glass eyes (Elf:1)
  11 slime creatures
  A spriggan (shapeshifter) (Depths:2)
  A hog (shapeshifter) (Elf:1)
  An orc warrior (Orc:2)
  180 jellies
  A scorpion (D:4)
  An electric eel (Elf:3)
  A howler monkey (D:12)
  2 hounds (D:4)
  An orc priest (Orc:2)
  2 orc wizards (D:10)
  A dart slug (D:4)
  4 orcs
  A goblin (D:4)
  17 fulminant prisms
274 creatures vanquished.

Grand Total: 2424 creatures vanquished

Notes
Turn   | Place    | Note
-------+----------+-------------------------------------------
     0 | D:1      | sdynet the Octopode Alchemist began the quest for the Orb.
     0 | D:1      | Reached XP level 1. HP: 11/11 MP: 3/3
   187 | D:1      | Reached XP level 2. HP: 17/17 MP: 2/5
   190 | D:1      | Learned a level 2 spell: Mercury Vapours
   669 | D:1      | Reached XP level 3. HP: 21/21 MP: 5/7
   822 | D:1      | Learned a level 3 spell: Mephitic Cloud
  1292 | D:2      | Reached skill level 1 in Air Magic
  1478 | D:2      | Found Epejeh's Weapon Shop.
  1497 | D:2      | Identified the +1 leather armour "Faiwk" {rPois Int-5
                  | Dex+2}
  1503 | D:2      | Reached XP level 4. HP: 27/27 MP: 6/9
  1805 | D:2      | Learned a level 4 spell: Olgreb's Toxic Radiance
  1818 | D:2      | Noticed Robin
  1824 | D:2      | Killed Robin
  2077 | D:3      | Found a faded altar of an unknown god.
  2146 | D:3      | Found a glowing drain.
  2186 | D:3      | Found an iron altar of Okawaru.
  2262 | Sewer    | Entered a sewer
  2267 | Sewer    | Reached XP level 5. HP: 31/31 MP: 6/11
  2903 | D:4      | Found a shimmering altar of Xom.
  2905 | D:4      | Reached XP level 6. HP: 36/36 MP: 8/13
  2907 | D:4      | Reached skill level 5 in Alchemy
  2908 | D:4      | Reached skill level 5 in Spellcasting
  2914 | D:4      | Reached XP level 7. HP: 35/41 MP: 1/15
  3019 | D:4      | Learned a level 4 spell: Fulminant Prism
  3308 | D:4      | Identified the +5 hand axe of Lebb {protect, rC+ rN+}
  3397 | D:4      | Noticed Menkaure
  3406 | D:4      | Killed Menkaure
  3599 | D:5      | Entered Level 5 of the Dungeon
  3879 | D:5      | Found a stormy altar of Qazlal.
  4113 | D:5      | Reached skill level 1 in Evocations
  4113 | D:5      | Reached XP level 8. HP: 46/46 MP: 8/17
  4331 | D:5      | Identified the +4 falchion of Vico {freeze, rPois Str+3}
  4877 | D:6      | Found a glowing silver altar of Zin.
  5042 | D:6      | Learned a level 4 spell: Sticky Flame
  5139 | D:6      | Found a staircase to the Ecumenical Temple.
  5148 | Temple   | Entered the Ecumenical Temple
  5163 | Temple   | Became a worshipper of Elyvilon the Healer
  5259 | D:6      | Reached skill level 1 in Fire Magic
  5348 | D:6      | Reached XP level 9. HP: 51/51 MP: 15/20
  5851 | D:6      | Found Eprot's Distillery.
  5857 | D:6      | Bought 2 potions of degeneration for 28 gold pieces
  5858 | D:6      | Bought a potion of mutation for 112 gold pieces
  5858 | D:6      | Bought a potion of attraction for 42 gold pieces
  5858 | D:6      | Bought a potion of lignification for 42 gold pieces
  5858 | D:6      | Bought a potion of berserk rage for 70 gold pieces
  6196 | D:7      | Found a sand-covered staircase.
  6207 | D:7      | Learned a level 2 spell: Searing Ray
  6208 | Ossuary  | Entered an ossuary
  6368 | Ossuary  | Found a hazy altar of Hepliaklqana.
  7008 | D:7      | Reached * piety under Elyvilon
  7548 | D:7      | Found a snail-covered altar of Cheibriados.
  7712 | D:7      | Reached ** piety under Elyvilon
  8094 | D:8      | Reached skill level 1 in Invocations
  8191 | D:8      | Reached skill level 10 in Alchemy
  8193 | D:8      | Reached XP level 10. HP: 56/56 MP: 6/22
  8213 | D:8      | Learned a level 4 spell: Leda's Liquefaction
  8402 | D:8      | Noticed Erica
  8418 | D:8      | Killed Erica
  8419 | D:8      | Reached skill level 1 in Earth Magic
  8717 | D:9      | Reached skill level 5 in Dodging
  8717 | D:9      | Reached skill level 10 in Spellcasting
  8717 | D:9      | Reached XP level 11. HP: 70/70 MP: 23/25
  8729 | D:9      | Elyvilon protects you from harm!
  8868 | D:9      | Noticed a centaur warrior
  8870 | D:9      | Noticed a centaur warrior
  8874 | D:9      | Killed a centaur warrior
  8874 | D:9      | Noticed a purple ugly thing
  8875 | D:9      | Reached skill level 5 in Fighting
  8875 | D:9      | Noticed a deep elf pyromancer
  8883 | D:9      | Identified a scroll of acquirement
  8883 | D:9      | Killed a centaur warrior
  8886 | D:9      | Killed a purple ugly thing
  8894 | D:9      | Killed a deep elf pyromancer
  8973 | D:9      | Identified the +0 hand cannon of the Final Decision {speed,
                  | *Slow rF- rCorr Int+9}
  8973 | D:9      | Noticed a centaur warrior
  8979 | D:9      | HP: 1/71 [centaur warrior/slug (24)]
  9043 | D:9      | Noticed a deep elf pyromancer
  9048 | D:9      | Noticed a purple ugly thing
  9049 | D:9      | Killed a deep elf pyromancer
  9071 | D:8      | Killed a purple ugly thing
  9072 | D:8      | Reached XP level 12. HP: 53/77 MP: 2/28
  9201 | D:8      | Learned a level 7 spell: Ozocubu's Refrigeration
  9201 | D:8      | Acquired the ring of the Firefly {rF+ rCorr AC+4 Str-2
                  | SInv}
  9235 | D:9      | Reached skill level 1 in Ice Magic
  9350 | D:9      | Found a burning altar of Makhleb.
  9350 | D:9      | Found a radiant altar of Vehumet.
  9441 | D:9      | Found a sacrificial altar of Ru.
  9465 | D:9      | Reached *** piety under Elyvilon
  9479 | D:9      | Killed a centaur warrior
  9813 | D:9      | Got the Spellbook of the Hopeless Bonfire
  9849 | D:9      | Noticed a two-headed ogre
  9855 | D:9      | Killed a two-headed ogre
  9927 | D:9      | Reached skill level 5 in Ice Magic
 10097 | D:9      | Found a staircase to the Orcish Mines.
 10198 | D:9      | Found a staircase to the Lair.
 10236 | D:9      | Got Sif Muna's Treatise on the Vehement Commander
 10408 | Lair:1   | Entered Level 1 of the Lair of Beasts
 10408 | Lair:1   | Found a gate leading to a gauntlet.
 10458 | Gauntlet | Entered a Gauntlet
 10458 | Gauntlet | Found a transporter.
 10546 | Gauntlet | Noticed a ghost crab
 10548 | Gauntlet | Found a transporter.
 10552 | Gauntlet | Found a transporter.
 10555 | Gauntlet | Found a transporter.
 10556 | Gauntlet | Found a transporter.
 10557 | Gauntlet | Found a transporter.
 10559 | Gauntlet | Noticed a reaper
 10563 | Gauntlet | Noticed a thrashing horror
 10565 | Gauntlet | Found a transporter.
 10566 | Gauntlet | Found a transporter.
 10627 | Gauntlet | Reached **** piety under Elyvilon
 10670 | Gauntlet | Found a runed translucent door.
 10671 | Gauntlet | Found a transporter.
 10671 | Gauntlet | Found a transporter.
 10674 | Gauntlet | Found a transporter.
 10677 | Gauntlet | Found a runed translucent door.
 10703 | Gauntlet | Found a transporter.
 10978 | Gauntlet | Killed a thrashing horror
 10982 | Gauntlet | Identified the ring of the Baking Gods {rElec Str+6 Int+5}
 11001 | Gauntlet | Noticed a minotaur
 11004 | Gauntlet | Found the +0 cloak of the Thief {Quiet Slay-3 SInv Stlth+}
 11014 | Gauntlet | Killed a minotaur
 11026 | Gauntlet | Identified the ring "Sueq Mau" {Wiz rPois Str-3 Int+2}
 11725 | Lair:1   | Learned a level 3 spell: Passwall
 11808 | Lair:1   | Reached ***** piety under Elyvilon
 11982 | Lair:1   | Reached skill level 10 in Ice Magic
 11982 | Lair:1   | Reached XP level 13. HP: 81/81 MP: 14/29
 12437 | Lair:2   | Noticed Fannar
 12447 | Lair:2   | Killed Fannar
 12849 | Lair:2   | Found a hole to the Spider Nest.
 13413 | Lair:2   | Noticed Gastronok
 13417 | Lair:2   | Killed Gastronok
 13775 | Lair:2   | Found a staircase to the Shoals.
 15002 | Lair:3   | Reached XP level 14. HP: 88/88 MP: 16/31
 16293 | Lair:4   | Noticed Sonja
 16301 | Lair:4   | Killed Sonja
 16587 | Lair:4   | Reached ****** piety under Elyvilon
 16686 | Lair:4   | Found a viscous altar of Jiyva.
 16687 | Lair:4   | Found a staircase to the Slime Pits.
 16694 | Lair:4   | Fell from the grace of Elyvilon
 16694 | Lair:4   | Became a worshipper of Jiyva Jaeqaf the Shapeless
 16886 | Lair:5   | Entered Level 5 of the Lair of Beasts
 17783 | Lair:5   | Identified the serpent talisman of Fortification {Will-
                  | Dex+3 Slay+4}
 17839 | Lair:5   | Paralysed by a hornet for 2 turns
 18099 | Lair:5   | Reached * piety under Jiyva
 19091 | Orc:1    | Entered Level 1 of the Orcish Mines
 19091 | Orc:1    | Found Guagei's General Store.
 19136 | Orc:1    | Reached skill level 15 in Spellcasting
 19203 | Orc:1    | Bought a scroll of vulnerability for 68 gold pieces
 19421 | Orc:2    | Entered Level 2 of the Orcish Mines
 19421 | Orc:2    | Reached ** piety under Jiyva
 19421 | Orc:2    | Found Disch's Book Boutique.
 19422 | Orc:2    | Found a staircase to the Elven Halls.
 19441 | Orc:2    | Learned a level 1 spell: Apportation
 19464 | Orc:2    | Found Fineqir's Antique Armour Shop.
 19466 | Orc:2    | Bought a book of the Earth for 540 gold pieces
 19473 | Orc:2    | Learned a level 6 spell: Permafrost Eruption
 19481 | Orc:2    | Found a roughly hewn altar of Beogh.
 19513 | Orc:2    | Noticed an orc warlord
 19530 | Orc:2    | Killed an orc warlord
 19631 | Orc:2    | Paralysed by an ogre mage for 2 turns
 19636 | Orc:2    | Reached XP level 15. HP: 86/92 MP: 1/34
 19813 | Orc:2    | Found Migenn's Weapon Boutique.
 19813 | Orc:2    | Found Cuydghuk's Antique Armour Shoppe.
 19815 | Orc:2    | Found Raan Zin's Magic Scroll Boutique.
 19815 | Orc:2    | Found Tathol's Distillery.
 20002 | Orc:1    | Reached *** piety under Jiyva
 20003 | Orc:1    | Gained mutation: Your muscles are strong. (Str +4, Int/Dex
                  | -1) [Jiyva's grace]
 20003 | Orc:1    | Gained mutation: Your muscles are very strong. (Str +8,
                  | Int/Dex -2) [Jiyva's grace]
 20003 | Orc:1    | Gained mutation: Your flesh is heat resistant. (rF+)
                  | [Jiyva's grace]
 20003 | Orc:1    | Gained mutation: Your flesh is very heat resistant. (rF++)
                  | [Jiyva's grace]
 20033 | Orc:1    | Reached skill level 15 in Ice Magic
 20268 | D:10     | Entered Level 10 of the Dungeon
 20355 | D:10     | Found a flagged portal.
 20366 | Bailey   | Entered a bailey
 20430 | Bailey   | Reached skill level 1 in Translocations
 20511 | Bailey   | Got Yqelak's Folio of the Burnt Sphinx
 20671 | D:10     | Reached XP level 16. HP: 98/98 MP: 34/36
 20745 | D:10     | Found an ancient bone altar of Kikubaaqudgha.
 21087 | D:10     | Found a hazy altar of Hepliaklqana.
 21088 | D:10     | Found a glowing golden altar of the Shining One.
 21088 | D:10     | Found a bloodstained altar of Trog.
 21090 | D:10     | Found a sparkling altar of Nemelex Xobeh.
 21164 | D:10     | Reached **** piety under Jiyva
 21978 | D:11     | Reached ***** piety under Jiyva
 22076 | D:11     | You are sucked into a shaft and drop 3 floors!
 22101 | D:13     | Lost mutation: Your muscles are very strong. (Str +8,
                  | Int/Dex -2) [Jiyva's grace]
 22101 | D:13     | Gained mutation: You have supernaturally acute eyesight.
                  | (SInv) [Jiyva's grace]
 22101 | D:13     | Gained mutation: Your muscles are very strong. (Str +8,
                  | Int/Dex -2) [Jiyva's grace]
 22101 | D:13     | Gained mutation: Your body has grown eyes which may confuse
                  | attackers. (Acc +3) [Jiyva's grace]
 22101 | D:13     | Gained mutation: Your body has grown many eyes which may
                  | confuse attackers. (Acc +5) [Jiyva's grace]
 22102 | D:13     | Upgraded the game from 0.32-a0-818-gb728d02 to
                  | 0.32-a0-834-geaf45d8
 22128 | D:12     | Noticed Psyche
 22130 | D:12     | Killed Psyche
 22140 | D:12     | Found the +7 Kryia's mail coat {PotionHeal*2 rC+}
 22505 | D:12     | Noticed Erolcha
 22508 | D:12     | Killed Erolcha
 22672 | D:12     | Noticed Josephine
 22676 | D:12     | Killed Josephine
 23164 | D:13     | Found a gate to the Vaults.
 24213 | D:13     | Noticed Frances
 24220 | D:13     | Killed Frances
 24467 | D:14     | Found a portal to a secret trove of treasure.
 24521 | D:14     | Reached XP level 17. HP: 48/103 MP: 19/38
 24848 | D:14     | Noticed Jorgrun
 24852 | D:14     | Killed Jorgrun
 24883 | D:14     | Reached ****** piety under Jiyva
 24942 | D:14     | Noticed Azrael
 24944 | D:14     | Killed Azrael
 24984 | D:14     | Lost mutation: You have supernaturally acute eyesight.
                  | (SInv) [Jiyva's grace]
 24984 | D:14     | Lost mutation: Your muscles are very strong. (Str +8,
                  | Int/Dex -2) [Jiyva's grace]
 24984 | D:14     | Lost mutation: Your body has grown many eyes which may
                  | confuse attackers. (Acc +5) [Jiyva's grace]
 24984 | D:14     | Gained mutation: You have hidden genetic potential.
                  | [Jiyva's grace]
 24984 | D:14     | Gained mutation: You have great hidden genetic potential.
                  | [Jiyva's grace]
 24984 | D:14     | Gained mutation: Your melee attacks may engulf your foes in
                  | ooze. [Jiyva's grace]
 24984 | D:14     | Gained mutation: You have a small jelly attached to you
                  | that senses nearby items. [Jiyva's grace]
 25197 | D:15     | Entered Level 15 of the Dungeon
 25760 | D:15     | Found a staircase to the Depths.
 25934 | D:15     | Learned a level 9 spell: Polar Vortex
 26220 | Orc:2    | Bought a scroll of acquirement for 884 gold pieces
 26220 | Orc:2    | Acquired 1104 gold pieces
 26403 | Spider:1 | Entered Level 1 of the Spider Nest
 27386 | Slime:1  | Entered Level 1 of the Pits of Slime
 27394 | Slime:1  | Noticed an acid blob
 27426 | Slime:4  | Noticed an acid blob
 27434 | Slime:3  | Noticed an acid blob
 27446 | Slime:5  | Entered Level 5 of the Pits of Slime
 27468 | Slime:5  | Noticed an acid blob
 27472 | Slime:5  | Noticed an acid blob
 27475 | Slime:5  | Found a viscous altar of Jiyva.
 27475 | Slime:5  | Noticed an acid blob
 27475 | Slime:5  | Noticed an acid blob
 27476 | Slime:5  | Noticed an acid blob
 27479 | Slime:5  | Got a starry gem with 508 turns to spare
 27479 | Slime:5  | Noticed the Royal Jelly
 27483 | Slime:5  | Identified the staff of Rafriolo {rC+ Will+ rCorr Ice}
 27488 | Slime:5  | Got the Incunable of the Wispy Mirage
 27495 | Slime:5  | Identified the +5 robe "Meedwyl" {Dex+3}
 27502 | Slime:5  | Identified the ring "Hofe" {rPois rF++ rCorr Slay-4}
 27505 | Slime:5  | Got a slimy rune of Zot
 27516 | Slime:5  | Identified the +6 long sword "Beahuq" {protect, Dex+4}
 28050 | Spider:2 | Lost mutation: Your flesh is very heat resistant. (rF++)
                  | [Jiyva's grace]
 28050 | Spider:2 | Lost mutation: You have great hidden genetic potential.
                  | [Jiyva's grace]
 28050 | Spider:2 | Lost mutation: Your melee attacks may engulf your foes in
                  | ooze. [Jiyva's grace]
 28050 | Spider:2 | Gained mutation: You are robust. (+10% HP) [Jiyva's grace]
 28050 | Spider:2 | Gained mutation: You are very robust. (+20% HP) [Jiyva's
                  | grace]
 28050 | Spider:2 | Gained mutation: You are extremely robust. (+30% HP)
                  | [Jiyva's grace]
 28050 | Spider:2 | Gained mutation: Your natural rate of healing is unusually
                  | fast. [Jiyva's grace]
 28337 | Spider:3 | Reached XP level 18. HP: 140/140 MP: 40/40
 28609 | Spider:3 | Gained mutation: Your muscles are very strong. (Str +8,
                  | Int/Dex -2) [hidden potential]
 28781 | Spider:4 | Entered Level 4 of the Spider Nest
 28991 | Spider:4 | Noticed Donald
 28995 | Spider:4 | Killed Donald
 29024 | Spider:4 | Noticed Roxanne
 29036 | Spider:4 | Killed Roxanne
 29206 | Spider:4 | Got a gossamer rune of Zot
 29213 | Spider:4 | Got a milky-white gem with 5 turns to spare
 29390 | Spider:4 | Found a hide-covered altar of Uskayaw.
 29819 | Lair:1   | Acquired the ring "Kisereh" {rN++ Will+ Int-2 Stlth+}
 29859 | Shoals:1 | Entered Level 1 of the Shoals
 29862 | Shoals:1 | Got the Folio of Mercurial Companions
 30040 | Shoals:1 | Found Sewnec's Jewellery Emporium.
 30050 | Shoals:1 | Bought a +6 ring of intelligence for 396 gold pieces
 30053 | Shoals:1 | Bought an amulet of reflection for 330 gold pieces
 30185 | Shoals:1 | Lost mutation: Your natural rate of healing is unusually
                  | fast. [Jiyva's grace]
 30185 | Shoals:1 | Lost mutation: You are extremely robust. (+30% HP) [Jiyva's
                  | grace]
 30185 | Shoals:1 | Lost mutation: Your muscles are very strong. (Str +8,
                  | Int/Dex -2) [Jiyva's grace]
 30185 | Shoals:1 | Lost mutation: You have hidden genetic potential. [Jiyva's
                  | grace]
 30185 | Shoals:1 | Gained mutation: You have hidden genetic potential.
                  | [Jiyva's grace]
 30185 | Shoals:1 | Gained mutation: You have great hidden genetic potential.
                  | [Jiyva's grace]
 30185 | Shoals:1 | Gained mutation: You are strong-willed. (Will+) [Jiyva's
                  | grace]
 30185 | Shoals:1 | Gained mutation: You are highly strong-willed. (Will++)
                  | [Jiyva's grace]
 30750 | Shoals:3 | Reached XP level 19. HP: 135/135 MP: 42/43
 30967 | Shoals:3 | Found a runed translucent gate.
 30967 | Shoals:3 | Found a runed translucent gate.
 30967 | Shoals:3 | Found a runed translucent gate.
 30967 | Shoals:3 | Noticed Vianliurue's ghost (adept TeAE)
 30968 | Shoals:3 | Noticed Maeli's ghost (adept OnGl)
 30972 | Shoals:3 | Noticed Polyphemus
 30978 | Shoals:3 | Killed Polyphemus
 31028 | Shoals:3 | Killed Vianliurue's ghost
 31031 | Shoals:3 | Killed Maeli's ghost
 31095 | Shoals:3 | Lost mutation: You are very robust. (+20% HP) [Jiyva's
                  | grace]
 31095 | Shoals:3 | Lost mutation: You are robust. (+10% HP) [Jiyva's grace]
 31095 | Shoals:3 | Gained mutation: You are agile. (Dex +4, Str/Int -1)
                  | [Jiyva's grace]
 31095 | Shoals:3 | Gained mutation: You are very agile. (Dex +8, Str/Int -2)
                  | [Jiyva's grace]
 31095 | Shoals:3 | Gained mutation: You possess an exceptional clarity of
                  | mind. [Jiyva's grace]
 31095 | Shoals:3 | Gained mutation: Your system is resistant to poisons.
                  | (rPois) [Jiyva's grace]
 31230 | Shoals:4 | Entered Level 4 of the Shoals
 31230 | Shoals:4 | Noticed Mlioglotl
 31235 | Shoals:4 | Killed Mlioglotl
 31637 | Shoals:4 | Noticed Nikola
 31643 | Shoals:4 | Killed Nikola
 31801 | Shoals:4 | Gained mutation: You are partially covered in large bone
                  | plates. (SH +4) [hidden potential]
 31816 | Shoals:4 | Identified the ring of the Eight Villages {Fire rN++ Str+5
                  | Int-5}
 31906 | Shoals:4 | Got a barnacled rune of Zot
 32152 | Vaults:1 | Entered Level 1 of the Vaults
 32160 | Vaults:1 | Learned a level 3 spell: Ozocubu's Armour
 32279 | Vaults:1 | Reached skill level 1 in Shields
 32336 | Vaults:1 | Lost mutation: You are very agile. (Dex +8, Str/Int -2)
                  | [Jiyva's grace]
 32336 | Vaults:1 | Lost mutation: You are highly strong-willed. (Will++)
                  | [Jiyva's grace]
 32336 | Vaults:1 | Lost mutation: Your muscles are strong. (Str +4, Int/Dex
                  | -1) [Jiyva's grace]
 32336 | Vaults:1 | Gained mutation: Your body has grown many eyes which may
                  | confuse attackers. (Acc +5) [Jiyva's grace]
 32336 | Vaults:1 | Gained mutation: Your body is covered in eyes which may
                  | confuse attackers. (Acc +7, SInv) [Jiyva's grace]
 32336 | Vaults:1 | Gained mutation: You are covered in slimy tendrils that may
                  | disarm your opponents. [Jiyva's grace]
 32336 | Vaults:1 | Gained mutation: You are very agile. (Dex +8, Str/Int -2)
                  | [Jiyva's grace]
 32367 | Vaults:1 | Reached XP level 20. HP: 120/121 MP: 45/45
 32714 | Vaults:1 | Identified the +1 robe "Demostow" {-Cast rF+ Slay+4}
 33232 | Vaults:2 | Reached skill level 5 in Shields
 33413 | Vaults:2 | Identified the +4 scale mail of the Abyss {Str+3 Dex+3}
 33458 | Vaults:2 | Lost mutation: You are very agile. (Dex +8, Str/Int -2)
                  | [Jiyva's grace]
 33458 | Vaults:2 | Lost mutation: You are agile. (Dex +4, Str/Int -1) [Jiyva's
                  | grace]
 33458 | Vaults:2 | Lost mutation: You are strong-willed. (Will+) [Jiyva's
                  | grace]
 33458 | Vaults:2 | Lost mutation: You have great hidden genetic potential.
                  | [Jiyva's grace]
 33458 | Vaults:2 | Lost mutation: You have hidden genetic potential. [Jiyva's
                  | grace]
 33458 | Vaults:2 | Gained mutation: Your melee attacks may engulf your foes in
                  | ooze. [Jiyva's grace]
 33458 | Vaults:2 | Gained mutation: You are resistant to electric shocks.
                  | (rElec) [Jiyva's grace]
 33458 | Vaults:2 | Gained mutation: You are strong-willed. (Will+) [Jiyva's
                  | grace]
 33458 | Vaults:2 | Gained mutation: You are highly strong-willed. (Will++)
                  | [Jiyva's grace]
 34466 | Vaults:3 | Found a flickering gateway to a bazaar.
 34475 | Bazaar   | Entered a bazaar
 34475 | Bazaar   | Found Ciodghec's Antique Weapon Shop.
 34500 | Bazaar   | Found Utsory's Distillery.
 34520 | Bazaar   | Found Riap's Antique Armour Shop.
 34548 | Bazaar   | Bought a potion of heal wounds for 30 gold pieces
 34548 | Bazaar   | Bought a potion of magic for 48 gold pieces
 34548 | Bazaar   | Bought a potion of magic for 48 gold pieces
 34548 | Bazaar   | Bought a potion of attraction for 18 gold pieces
 34628 | Vaults:3 | Found a runed translucent gate.
 34628 | Vaults:3 | Found an ancient bone altar of Kikubaaqudgha.
 34628 | Vaults:3 | Found a runed translucent gate.
 34628 | Vaults:3 | Found a runed translucent gate.
 34628 | Vaults:3 | Noticed a dread lich
 34628 | Vaults:3 | Noticed Kimaxt's ghost (veteran DjAE)
 34655 | Vaults:3 | Killed Kimaxt's ghost
 34656 | Vaults:3 | Killed a dread lich
 34660 | Vaults:3 | Identified the ring "Foshiot" {*Slow rPois rF+ Will+++
                  | MP+9}
 34668 | Vaults:3 | Got Kikubaaqudgha's Secrets of Unhallowed Acts
 34674 | Vaults:3 | Identified the +2 pair of boots "Cobom" {*Corrode rElec rC+
                  | Will++}
 34707 | Vaults:3 | Noticed Asterion
 34710 | Vaults:3 | Killed Asterion
 34728 | Vaults:3 | Learned a level 5 spell: Silence
 34792 | Vaults:3 | Reached skill level 1 in Hexes
 34835 | Vaults:3 | Found a staircase to the Crypt.
 34841 | Vaults:3 | Reached XP level 21. HP: 126/126 MP: 38/47
 35073 | Vaults:3 | Lost mutation: You are highly strong-willed. (Will++)
                  | [Jiyva's grace]
 35073 | Vaults:3 | Lost mutation: You are resistant to electric shocks.
                  | (rElec) [Jiyva's grace]
 35073 | Vaults:3 | Gained mutation: You are covered in fur. (AC +1) [Jiyva's
                  | grace]
 35073 | Vaults:3 | Gained mutation: You are covered in thick fur. (AC +2)
                  | [Jiyva's grace]
 35073 | Vaults:3 | Gained mutation: Your thick and shaggy fur keeps you warm.
                  | (AC +3, rC+) [Jiyva's grace]
 35073 | Vaults:3 | Gained mutation: Your pliable body absorbs attacks. (AC +2,
                  | EV +2) [Jiyva's grace]
 36039 | Vaults:4 | Found a glowing silver altar of Zin.
 36653 | Vaults:4 | Acquired 1087 gold pieces
 36661 | Vaults:5 | Entered Level 5 of the Vaults
 36758 | Vaults:5 | Reached skill level 10 in Shields
 36758 | Vaults:5 | Found Hageq's Magic Scroll Boutique.
 36767 | Vaults:5 | Got a silver rune of Zot
 36835 | Vaults:5 | Reached XP level 22. HP: 103/132 MP: 2/48
 37128 | Vaults:5 | Noticed a golden dragon
 37133 | Vaults:5 | Killed a golden dragon
 37233 | Vaults:5 | Identified the ring of Gulioni {MP-9 EV+5 Int+4 Dex+4}
 37632 | Vaults:5 | Lost mutation: Your body is covered in eyes which may
                  | confuse attackers. (Acc +7, SInv) [Jiyva's grace]
 37632 | Vaults:5 | Lost mutation: Your body has grown many eyes which may
                  | confuse attackers. (Acc +5) [Jiyva's grace]
 37632 | Vaults:5 | Lost mutation: You are covered in slimy tendrils that may
                  | disarm your opponents. [Jiyva's grace]
 37632 | Vaults:5 | Lost mutation: You have a small jelly attached to you that
                  | senses nearby items. [Jiyva's grace]
 37632 | Vaults:5 | Gained mutation: One of your tentacles bears a spike.
                  | [Jiyva's grace]
 37632 | Vaults:5 | Gained mutation: One of your tentacles bears a nasty spike.
                  | [Jiyva's grace]
 37632 | Vaults:5 | Gained mutation: One of your tentacles bears a large
                  | vicious spike. [Jiyva's grace]
 37632 | Vaults:5 | Gained mutation: Your flesh is very heat resistant. (rF++)
                  | [Jiyva's grace]
 38106 | Orc:2    | Bought the +18 shield of the Gong {Loud rN+ Will+ rCorr
                  | EV-5} for 3644 gold pieces
 38106 | Orc:2    | Found the +18 shield of the Gong {Loud rN+ Will+ rCorr
                  | EV-5}
 38125 | Orc:2    | Bought a book of Minor Magic for 240 gold pieces
 38128 | Orc:2    | Learned a level 2 spell: Blink
 38135 | Elf:1    | Entered Level 1 of the Elven Halls
 38538 | Elf:1    | Identified the ring "Peycs" {Fire rPois Str+8 Int-5}
 38911 | Elf:1    | Found Hotukleu's General Store.
 38950 | Elf:1    | Bought a scroll of teleportation for 42 gold pieces
 39259 | Elf:1    | Got the Folio of Bad Luck
 39268 | Elf:1    | Learned a level 2 spell: Jinxbite
 39281 | Elf:2    | Found Peyvviri's Armour Emporium.
 39844 | Elf:2    | Found a runed translucent gate.
 39844 | Elf:2    | Found a runed translucent gate.
 39844 | Elf:2    | Found a runed translucent gate.
 40005 | Elf:3    | Entered Level 3 of the Elven Halls
 40142 | Elf:3    | Found Qafelaporph's Book Shop.
 40148 | Elf:3    | Bought a book of Misfortune for 646 gold pieces
 40154 | Elf:3    | Learned a level 5 spell: Yara's Violent Unravelling
 40270 | Elf:3    | Reached XP level 23. HP: 136/136 MP: 50/50
 40294 | Elf:3    | Found the ring of the Octopus King {rF+ HP+2 AC+2 EV+2
                  | SH+2}
 40311 | Elf:3    | Noticed Louise
 40318 | Elf:3    | Killed Louise
 40351 | Elf:3    | Reached skill level 5 in Hexes
 40365 | Elf:3    | Identified the +12 crystal plate armour "Etuiguwn" {Fly
                  | Str+3}
 40365 | Elf:3    | Identified the ring "Veehan" {rElec Will+ Str+6 Dex-5}
 40372 | Elf:3    | Reached skill level 5 in Air Magic
 40381 | Elf:3    | Identified the +9 long sword of Equivalence {drain, rF+ rN+
                  | Int+2 Stlth+}
 40381 | Elf:3    | Identified the +1 robe "Laesergh" {Dex+5}
 40381 | Elf:3    | Identified the amulet "Qoonext" {Spirit Dex+4 Slay+2}
 40382 | Elf:3    | Identified the +5 short sword "Visangib" {elec, rC+ Stlth+}
 40391 | Elf:3    | Found the +13 sword of the Doom Knight {doom -Cast ^Drain
                  | Will+}
 40438 | Elf:3    | Identified the +5 orcbow of Qatylucs {elec, rPois}
 40441 | Elf:3    | Identified the +1 short sword of Tumult {drain, Will+ SInv}
 40686 | Elf:3    | Lost mutation: You are partially covered in large bone
                  | plates. (SH +4) [Jiyva's grace]
 40686 | Elf:3    | Lost mutation: Your flesh is very heat resistant. (rF++)
                  | [Jiyva's grace]
 40686 | Elf:3    | Lost mutation: Your thick and shaggy fur keeps you warm.
                  | (AC +3, rC+) [Jiyva's grace]
 40686 | Elf:3    | Lost mutation: You are covered in thick fur. (AC +2)
                  | [Jiyva's grace]
 40686 | Elf:3    | Gained mutation: Your gelatinous body deflects attacks. (AC
                  | +3, EV +3) [Jiyva's grace]
 40686 | Elf:3    | Gained mutation: Your natural rate of healing is unusually
                  | fast. [Jiyva's grace]
 40686 | Elf:3    | Gained mutation: You heal very quickly. [Jiyva's grace]
 40686 | Elf:3    | Gained mutation: You regenerate. [Jiyva's grace]
 41689 | Crypt:1  | Entered Level 1 of the Crypt
 42158 | Depths:1 | Entered Level 1 of the Depths
 42282 | Depths:1 | Found a transporter.
 42299 | Depths:1 | Found a transporter.
 42304 | Depths:1 | Noticed Massirro's ghost (veteran MiCA)
 42304 | Depths:1 | Noticed Kuur's ghost (veteran OnWr)
 42313 | Depths:1 | Noticed Sifibu's ghost (veteran CoWr)
 42385 | Depths:1 | Found a one-way gate to the infinite horrors of the Abyss.
 42523 | Depths:1 | Identified the ring of Foolhardiness {Will+ Int+4}
 42661 | Depths:1 | Found a gateway to Hell.
 42811 | Depths:1 | Reached skill level 5 in Earth Magic
 42822 | Depths:1 | Killed Massirro's ghost
 42828 | Depths:1 | Killed Kuur's ghost
 42831 | Depths:1 | Killed Sifibu's ghost
 42840 | Depths:1 | Identified the ring "Nuupibene" {rPois rF+ Int+3}
 42842 | Depths:1 | Identified the amulet "Jiattoe Gath" {Reflect Harm Will+
                  | SH+5}
 42861 | Depths:1 | Reached XP level 24. HP: 143/143 MP: 22/50
 42913 | Depths:2 | Lost mutation: One of your tentacles bears a large vicious
                  | spike. [Jiyva's grace]
 42913 | Depths:2 | Lost mutation: One of your tentacles bears a nasty spike.
                  | [Jiyva's grace]
 42913 | Depths:2 | Lost mutation: You regenerate. [Jiyva's grace]
 42913 | Depths:2 | Lost mutation: Your melee attacks may engulf your foes in
                  | ooze. [Jiyva's grace]
 42913 | Depths:2 | Gained mutation: Armour fits poorly on your pseudopods.
                  | [Jiyva's grace]
 42913 | Depths:2 | Gained mutation: Armour fits poorly on your large
                  | pseudopods. [Jiyva's grace]
 42913 | Depths:2 | Gained mutation: Armour fits poorly on your massive
                  | pseudopods. [Jiyva's grace]
 42913 | Depths:2 | Gained mutation: You regenerate. [Jiyva's grace]
 42920 | Depths:1 | Learned a level 2 spell: Sublimation of Blood
 43032 | Depths:2 | Reached skill level 1 in Necromancy
 43143 | Depths:1 | Learned a level 6 spell: Plasma Beam
 43167 | Depths:2 | Noticed a caustic shrike
 43172 | Depths:2 | Killed a caustic shrike
 43349 | Depths:2 | Found a one-way gateway to a ziggurat.
 43480 | Depths:2 | Found a one-way gate leading to the halls of Pandemonium.
 43821 | Depths:3 | Noticed Parghit
 43826 | Depths:3 | Reached skill level 5 in Fire Magic
 43828 | Depths:3 | Killed Parghit
 44203 | Depths:3 | Noticed Margery
 44209 | Depths:3 | Killed Margery
 44575 | Depths:3 | Reached skill level 15 in Shields
 44594 | Depths:4 | Entered Level 4 of the Depths
 44594 | Depths:4 | Found Wuoloz's Armour Emporium.
 44651 | Depths:4 | Reached XP level 25. HP: 124/147 MP: 49/51
 44949 | D:14     | You paid a toll of 17 potions of curing to enter a treasure
                  | trove
 44950 | Trove    | Entered a treasure trove
 44996 | Trove    | Got the Lessons on Chthonic Oxidation
 45281 | Depths:4 | Found a gate to the Realm of Zot.
 45299 | Depths:4 | Got a midnight gem with 191 turns to spare
 45445 | Depths:4 | Lost mutation: You regenerate. [Jiyva's grace]
 45445 | Depths:4 | Gained mutation: Your flesh is cold resistant. (rC+)
                  | [Jiyva's grace]
 45445 | Depths:4 | Gained mutation: Your flesh is very cold resistant. (rC++)
                  | [Jiyva's grace]
 45445 | Depths:4 | Gained mutation: Your flesh is almost immune to the effects
                  | of cold. (rC+++) [Jiyva's grace]
 45445 | Depths:4 | Gained mutation: You have a small jelly attached to you
                  | that senses nearby items. [Jiyva's grace]
 45484 | Depths:4 | Found Loluh's Antique Armour Shop.
 45484 | Depths:4 | Found Setedou's Book Boutique.
 45744 | Zot:1    | Entered Level 1 of the Realm of Zot
 45804 | Zot:1    | Found a runed translucent gate.
 45804 | Zot:1    | Found a runed translucent gate.
 45804 | Zot:1    | Found a runed translucent gate.
 45807 | Zot:1    | Found an opulent altar of Gozag.
 45810 | Zot:1    | Found Tatwaqem's Assorted Antiques.
 45810 | Zot:1    | Noticed Cuehoi Muffi's ghost (legendary TeBe)
 45835 | Zot:1    | Killed Cuehoi Muffi's ghost
 46021 | Zot:1    | Noticed an orb of fire
 46025 | Zot:1    | Killed an orb of fire
 46613 | Depths:4 | Bought a manual of Dodging for 1600 gold pieces
 46965 | Orc:2    | Bought a potion of resistance for 180 gold pieces
 47368 | Zot:2    | Reached XP level 26. HP: 103/153 MP: 32/52
 47377 | Zot:2    | Noticed a Killer Klown
 47380 | Zot:2    | Killed a Killer Klown
 48612 | Zot:3    | Lost mutation: You possess an exceptional clarity of mind.
                  | [Jiyva's grace]
 48612 | Zot:3    | Lost mutation: Your flesh is almost immune to the effects
                  | of cold. (rC+++) [Jiyva's grace]
 48612 | Zot:3    | Lost mutation: You heal very quickly. [Jiyva's grace]
 48612 | Zot:3    | Gained mutation: You have very sharp teeth. [Jiyva's grace]
 48612 | Zot:3    | Gained mutation: You have extremely sharp teeth. [Jiyva's
                  | grace]
 48612 | Zot:3    | Gained mutation: You have razor-sharp teeth. [Jiyva's
                  | grace]
 48612 | Zot:3    | Gained mutation: You are covered in slimy tendrils that may
                  | disarm your opponents. [Jiyva's grace]
 48663 | Zot:3    | Found a runed translucent door.
 48678 | Zot:3    | Noticed Nacytt's ghost (legendary MiFi)
 49513 | Zot:3    | Killed Nacytt's ghost
 49549 | Zot:4    | Reached skill level 5 in Stealth
 49650 | Zot:4    | Found the +0 mask of the Dragon {Will+ Slay+3 SInv}
 49732 | Zot:4    | Reached skill level 10 in Dodging
 49886 | Zot:4    | Found a shimmering blue altar of Sif Muna.
 50089 | Zot:4    | Found a runed translucent door.
 50089 | Zot:4    | Found a shimmering altar of Xom.
 50089 | Zot:4    | Noticed Oqust's ghost (legendary GnCK)
 50104 | Zot:4    | Killed Oqust's ghost
 50105 | Zot:4    | Reached XP level 27. HP: 162/162 MP: 25/52
 50107 | Zot:4    | Identified the ring "Fahiusof" {Fly EV+5 Str+3 Dex+2}
 50176 | Zot:4    | Found a transporter.
 50536 | Zot:4    | Found a transporter.
 50560 | Zot:4    | Identified the staff of Waucless {rElec rN++ Will+ Dex-3
                  | Air Earth}
 50589 | Zot:5    | Entered Level 5 of the Realm of Zot
 50704 | Zot:5    | Lost mutation: Your system is resistant to poisons. (rPois)
                  | [Jiyva's grace]
 50704 | Zot:5    | Gained mutation: You passively dampen the noise of your
                  | surroundings. [Jiyva's grace]
 50704 | Zot:5    | Gained mutation: Your melee attacks may engulf your foes in
                  | ooze. [Jiyva's grace]
 50704 | Zot:5    | Gained mutation: One of your tentacles bears a nasty spike.
                  | [Jiyva's grace]
 50704 | Zot:5    | Gained mutation: One of your tentacles bears a large
                  | vicious spike. [Jiyva's grace]
 51147 | Zot:5    | Noticed an orb of fire
 51153 | Zot:5    | Killed an orb of fire
 51153 | Zot:5    | Noticed an ancient lich
 51154 | Zot:5    | Reached skill level 27 in Ice Magic
 51166 | Zot:5    | Killed an ancient lich
 51174 | Zot:5    | Noticed a dread lich
 51180 | Zot:5    | Killed a dread lich
 51186 | Zot:5    | Noticed an ancient lich
 51186 | Zot:5    | Noticed an ancient lich
 51186 | Zot:5    | Noticed a dread lich
 51186 | Zot:5    | Noticed a dread lich
 51186 | Zot:5    | Noticed an orb of fire
 51195 | Zot:5    | Killed an orb of fire
 51196 | Zot:5    | Killed a dread lich
 51197 | Zot:5    | Killed an ancient lich
 51198 | Zot:5    | Killed an ancient lich
 51201 | Zot:5    | Killed a dread lich
 51215 | Zot:5    | Reached skill level 27 in Spellcasting
 51226 | Zot:5    | Noticed an orb of fire
 51226 | Zot:5    | Noticed an ancient lich
 51226 | Zot:5    | Noticed an ancient lich
 51228 | Zot:5    | Noticed an ancient lich
 51230 | Zot:5    | Noticed an orb of fire
 51232 | Zot:5    | Noticed a dread lich
 51238 | Zot:5    | Killed a dread lich
 51239 | Zot:5    | Killed an orb of fire
 51239 | Zot:5    | Killed an orb of fire
 51244 | Zot:5    | Killed an ancient lich
 51244 | Zot:5    | Killed an ancient lich
 51247 | Zot:5    | Killed an ancient lich
 51252 | Zot:5    | Reached skill level 10 in Fighting
 51460 | Zot:5    | Learned a level 6 spell: Dispersal
 51460 | Zot:5    | Got the Orb of Zot
 51728 | Depths:1 | Noticed Beojikh the pandemonium lord
 51729 | Depths:1 | Killed Beojikh the pandemonium lord
 51730 | Depths:1 | Reached skill level 5 in Translocations
 52100 | D:$      | Escaped with the Orb!

Illustrated notes

Levels and vault maps discovered:
D:1:      elethiomel_arrival_shortcut, layout_basic
D:2:      layout_basic, serial_shops, nicolae_shop_bloodbath_and_beyond,
          hex_large, uniq_robin
D:3:      layout_rooms, mainiacjoe_overflow_alcove_1,
          shapermc_ecumenical_altar_mp_highgroup, portal_sewer_entry_f
D:4:      layout_cave_pools, xom_confusion_cloud, serial_glass, glass_columns_a,
          glass_columns_b, uniq_menkaure
D:5:      layout_loops_ring, overflow_temple_1_default
D:6:      layout_loops_ring, mainiacjoe_overflow_24_doors,
          minmay_temple_entry_arrows, serial_shops, shop
D:7:      layout_basic, lemuel_coloured_pillars_altar,
          mainiacjoe_ossuary_entry_dusty_tomb, chequers_serial_rivers_large_a,
          eino_small_chamber_without_monster
D:8:      layout_rooms, uniq_erica
D:9:      minmay_the_grid_3x2 [minmay_the_grid_odd_star,
          minmay_the_grid_zigzag_pyramid, minmay_the_grid_small_cups,
          minmay_the_grid_stretched_grid, minmay_the_grid_minigrid_large,
          minmay_the_grid_prize_trominoes], layout_rooms,
          grunt_temple_overflow_lords_of_destruction, kennysheep_mini,
          lair_entry_dummy, david_orc_4
D:10:     layout_roguey, grunt_temple_overflow_open,
          lemuel_mausoleum_altar_kikubaaqudgha, serial_rivers,
          chequers_serial_rivers_small_b, chequers_serial_rivers_marsh,
          chequers_serial_rivers_micro_a, chequers_serial_rivers_micro_b,
          chequers_serial_rivers_micro_c, chequers_serial_rivers_micro_b,
          enter_bailey_5
D:11:     layout_loops_corners, minmay_misc_feat_alley
D:12:     layout_basic, uniq_josephine, uniq_psyche, uniq_erolcha
D:13:     layout_loops_cross, erik_vaults_2, uniq_frances
D:14:     layout_cave_pods, chequers_serial_rivers_micro_d,
          trove_entry_hex_spiral, uniq_azrael, uniq_jorgrun
D:15:     grunt_enter_depths_magical_seal, layout_long_grid,
          serial_library_hellmonk_big_corner
Temple:   nicolae_temple_ecumenical_triangle
Lair:1:   layout_hall_layers, gauntlet_entry_generic
Lair:2:   layout_hall_layers, shoals_dummy_entry, spider_nest_entry_web_field,
          hibernation_bobbens, uniq_fannar, uniq_gastronok
Lair:3:   layout_gridlike
Lair:4:   layout_long_grid, dpeg_slime_entry_corner, st_stairs_13, uniq_sonja
Lair:5:   guppyfry_lair_end_dragon, layout_cave_pods, wormcave,
          dreamdust_mushroom_princess, serial_bayou_shore_b
Shoals:1: layout_shoals, serial_shops, nicolae_shop_statue_plus,
          nicolae_shoals_nautilus_by_nature
Shoals:2: layout_shoals, nicolae_shoals_so_close
Shoals:3: layout_shoals, gammafunk_ghost_cemetery, uniq_polyphemus
Shoals:4: shoals_end_hangedman, layout_shoals, uniq_mlioglotl, uniq_nikola
Spider:1: layout_spider_delve, drop_trap
Spider:2: nicolae_spider_hilbert_zone_5 [nicolae_spider_hilbert_3_sides_1_open,
          nicolae_spider_hilbert_4_sides_1_open,
          nicolae_spider_hilbert_4_sides_1_open,
          nicolae_spider_hilbert_6_sides_1_open,
          nicolae_spider_hilbert_6_sides_1_open], nicolae_spider_swamp_cousins
Spider:3: layout_spider_delve
Spider:4: hellmonk_spider_rune_bug_friends, nicolae_spider_altar_of_dancing,
          uniq_roxanne, uniq_donald
Slime:1:  layout_caves
Slime:2:  layout_caves, cheibrodos_slime_lost_civilization_5
Slime:3:  cheibrodos_slime_lost_civilization_9, layout_caves
Slime:4:  layout_caves
Slime:5:  slime_pit
Orc:1:    layout_diamond_mine, serial_shops, shop
Orc:2:    grunt_orc_tribal_feast, layout_diamond_mine, serial_shops, shop,
          nicolae_shop_tiny_glass, basic_altar
Elf:1:    minmay_elf_arrival_circle, layout_onion_city, serial_shops, shop,
          regret_index_elf_centigrade, hangedman_research_probablistics
Elf:2:    elven_hall_of_blades_hangedman_original [mumra_blade_entry_dagger],
          layout_gridlike, serial_shops, shop
Elf:3:    minmay_elf_hall_statues, layout_geoelf_castle, serial_shops, shop,
          fountainhead, columned_hall_lemuel, drop_trap, uniq_louise
Vaults:1: nicolae_vaults_apartment_1, nicolae_vaults_network_s,
          nicolae_vaults_tetromino_T_1, nicolae_vaults_diamond_2,
          nicolae_vaults_trapezoid_lopsided_2, nicolae_vaults_apartment_2,
          v_misc_3, dpeg_vaults_monster_row, nicolae_vaults_security_offices_5,
          layout_vaults_quadrants
Vaults:2: nicolae_vaults_trapezoid_2, nicolae_vaults_six-pack,
          hangedman_vaults_corner, nicolae_vaults_puzzle_piece,
          dpeg_vaults_monster_box, ontoclasm_vaults_idyll,
          nicolae_vaults_oval_intersection, v_misc_5, nicolae_vaults_tangram_1,
          vaults_dpeg_ring, nicolae_vaults_storage_room_glass,
          nicolae_vaults_specimen_jars, layout_vaults_chaotic_city
Vaults:3: gammafunk_ghost_crypt, nicolae_vaults_trapezoid_lopsided_1,
          minmay_crypt_entry_simple_corners, nicolae_vaults_storage_closets_1,
          nicolae_vaults_trapezoid_lopsided_1, vaults_room_semicircle,
          hangedman_vaults_impose, nicolae_vaults_tangram_1,
          nicolae_vaults_six-pack, nicolae_vaults_variable_pillar_hall,
          nicolae_vaults_storage_room_doors, nicolae_vaults_network_periphery,
          nicolae_vaults_six-pack, nicolae_vaults_surprise_closet,
          layout_vaults_omnibox, serial_shops, bzr_entry_islet, uniq_asterion
Vaults:4: nicolae_vaults_diagonal_hallway_6, nicolae_vaults_prndl,
          grunt_vaults_twisty, ontoclasm_vaults_spin, grunt_vaults_diagonal,
          ontoclasm_vaults_shuriken, lemuel_angel_altar,
          nicolae_vaults_closet_pinwheel_1, v_misc_19, ontoclasm_vaults_eye,
          vaults_room_fancy_cross, ontoclasm_vaults_chip,
          vaults_standard_mumra_enter_the_diamond, grunt_vaults_hallway_long,
          nicolae_vaults_layer_cake_slice, nicolae_vaults_layer_cake_slice,
          nicolae_vaults_angled_halls, layout_vaults_maze
Vaults:5
Crypt:1:  evilmike_wizard_prison, layout_chaotic_city
Depths:1: layout_forbidden_donut, pf_hell_entry_tar_river, solitary_fountain,
          nzn_ghost_randoct, regret_index_abyss_entry_earlier_magic, ice2_lemuel
Depths:2: evilmike_inaccessible_box, layout_basic, enter_ziggurat_a, hell_entry,
          chequers_serial_rivers_small_a, rand_demon_pan_entry_7,
          serial_bayou_shore_b
Depths:3: nooodl_glass_maze, layout_basic, grunt_metal_band, abyss_entry,
          grunt_pan_entry_sceptre, hangedman_abyss_or_decor_stagger,
          minmay_misc_feat_more_columns, uniq_margery, uniq_parghit
Depths:4: grunt_zot_entry_funnels, layout_cave_shapes, grunt_decor_fettered,
          hell_entry, serial_shops, shop, rand_demon_pan_entry_5,
          minmay_shoptagon
Zot:1:    layout_misc_corridors, regret_index_zotdec_onion_hex,
          ebering_ghost_gozag, st_stairs_4,
          regret_index_zotdec_silver_v_v_loose, zot_minivault_8
Zot:2:    layout_basic
Zot:3:    layout_cathedral_of_symmetry, ebering_ghost_inner_flame,
          regret_index_zotdec_tunneler
Zot:4:    layout_gridlike, ebering_ghost_xom, regret_index_zotdec_magical_s,
          chequers_guarded_unrand_mask_of_the_dragon, uniq_josephina
Zot:5:    layout_misc_corridors, skrybe_zot_glass_2

Skill      XL: |  1  2  3  4  5  6  7  8  9 10 11 12 13 14 15 16 17 18 19 20 21 22 23 24 25 26 27 |
---------------+----------------------------------------------------------------------------------+-----
Spellcasting   | 3 4 5 6 7 8 10 12 13 15 16 17 18 20 21 22 23 24 25 27 | 27.0
Air Magic      | 1 3 4 5 6 7 9 |  9.0
Alchemy        | 4 5 6 8 10 12 | 12.1
Conjurations   | 2 3 |  3.0
Evocations     | 1 3 |  3.0
Fire Magic     | 1 3 6 7 9 |  9.0
Invocations    | 1 |  1.0
Earth Magic    | 1 3 5 6 |  6.0
Fighting       | 4 5 6 7 10 | 10.0
Dodging        | 5 6 11 13 | 13.4
Ice Magic      | 10 12 14 15 17 18 20 21 22 23 24 25 26 27 | 27.0
Stealth        | 3 4 6 |  6.0
Translocations | 1 3 6 |  6.2
Shields        | 2 7 10 12 13 15 16 17 | 17.0
Hexes          | 1 3 4 5 |  5.0
Necromancy     | 2 4 |  4.0

Action                     |  1- 3 |  4- 6 |  7- 9 | 10-12 | 13-15 | 16-18 | 19-21 | 22-24 | 25-27 || total
---------------------------+-------+-------+-------+-------+-------+-------+-------+-------+-------++-------
  Melee: Dagger            |    17 |     2 |       |       |       |       |       |       |       ||    19
         Constrict         |     6 |     2 |    14 |     6 |     2 |     4 |     3 |     1 |     7 ||    45
         Tentacles         |     2 |     1 |    11 |     9 |     5 |     5 |     2 |     3 |    11 ||    49
         Hand axe          |       |       |    28 |     8 |     5 |       |       |       |       ||    41
         Falchion          |       |       |    20 |    25 |     6 |     2 |       |       |       ||    53
         Staff             |       |       |       |       |       |    13 |     8 |    15 |    22 ||    58
         Kick              |       |       |       |       |       |       |       |     9 |    17 ||    26
         Pseudopods        |       |       |       |       |       |       |       |     3 |     9 ||    12
         Bite              |       |       |       |       |       |       |       |       |     7 ||     7
   Fire: Sling             |    12 |    79 |    17 |       |       |       |       |       |       ||   108
         Hand cannon       |       |       |       |    12 |    26 |    29 |       |       |       ||    67
  Throw: Javelin           |       |       |       |       |     4 |       |       |       |       ||     4
         Dart              |       |       |       |       |       |     2 |       |       |       ||     2
   Cast: Sting             |    47 |    19 |    20 |     3 |       |       |       |       |       ||    89
         Mercury Vapours   |     1 |     1 |     5 |       |     1 |       |       |     1 |       ||     9
         Olgreb's Toxic Ra |       |    14 |    54 |    49 |    43 |    81 |    64 |    65 |    65 ||   435
         Fulminant Prism   |       |       |     5 |     7 |     1 |     1 |       |     3 |       ||    17
         Sticky Flame      |       |       |    16 |    28 |    11 |    29 |    11 |    14 |    17 ||   126
         Searing Ray       |       |       |    11 |    32 |     1 |     4 |     1 |     1 |     1 ||    51
         Mephitic Cloud    |       |       |     1 |     5 |     1 |       |       |       |       ||     7
         Leda's Liquefacti |       |       |       |     9 |     1 |       |       |     7 |     6 ||    23
         Ozocubu's Refrige |       |       |       |     3 |   144 |   116 |    66 |    51 |    95 ||   475
         Apportation       |       |       |       |       |    13 |    59 |    35 |    95 |    52 ||   254
         Permafrost Erupti |       |       |       |       |    23 |   155 |   150 |   305 |   248 ||   881
         Passwall          |       |       |       |       |       |     6 |       |       |     1 ||     7
         Polar Vortex      |       |       |       |       |       |     5 |    38 |    30 |    30 ||   103
         Ozocubu's Armour  |       |       |       |       |       |       |    12 |     9 |     7 ||    28
         Jinxbite          |       |       |       |       |       |       |       |     4 |       ||     4
         Blink             |       |       |       |       |       |       |       |     3 |     4 ||     7
         Sublimation of Bl |       |       |       |       |       |       |       |    48 |   153 ||   201
         Plasma Beam       |       |       |       |       |       |       |       |    27 |    45 ||    72
 Invoke: Slimify           |       |       |       |       |       |       |     1 |       |       ||     1
         Oozemancy         |       |       |       |       |       |       |       |     1 |       ||     1
  Evoke: Wand              |       |       |     1 |    11 |     8 |    12 |     3 |       |     8 ||    43
         Phantom mirror    |       |       |       |       |     1 |       |     1 |       |     1 ||     3
         Lightning rod     |       |       |       |       |       |       |     1 |     4 |     6 ||    11
         Phial of floods   |       |       |       |       |       |       |       |       |     1 ||     1
         Condenser vane    |       |       |       |       |       |       |       |       |     1 ||     1
    Use: Scroll            |       |     7 |     4 |     9 |     4 |     3 |     7 |     5 |    17 ||    56
         Potion            |       |     2 |     1 |    14 |     2 |     5 |    11 |     8 |    10 ||    53
   Stab: Sleeping          |     2 |       |     3 |       |       |       |       |       |       ||     5
         Paralysed         |       |       |       |     8 |     5 |       |       |       |       ||    13
         Confused          |       |       |       |       |     1 |       |       |       |       ||     1
         Invisible         |       |       |       |       |       |       |       |     1 |       ||     1
 Armour: Skin              |     6 |    10 |    51 |    91 |    51 |   175 |    82 |    80 |   103 ||   649
  Dodge: Dodged            |    14 |    11 |    43 |    61 |    35 |   109 |    34 |    39 |   101 ||   447
  Block: Kite shield       |       |       |       |       |       |       |    17 |   124 |     2 ||   143
         Reflection        |       |       |       |       |       |       |     6 |    27 |     3 ||    36
         Tower shield      |       |       |       |       |       |       |       |       |   180 ||   180

Table legend: (Time is in decaauts)
 A = Elapsed time spent in this place.
 B = Non-inter-level travel time spent in this place.
 C = Inter-level travel time spent in this place.
 D = Time resting spent in this place.
 E = Time spent auto-exploring this place.
 F = Levels seen in this place.
 G = Mean time per level.
                   A        B        C        D        E       F      G
               +--------+--------+--------+--------+--------+-----+--------+
         Total |  52298 |  43955 |   8343 |    312 |  29750 |  60 |  871.6 |
       Dungeon |  16969 |  13374 |   3595 |     11 |  10784 |  15 | 1131.3 |
        Temple |     20 |     16 |      4 |      0 |      0 |   1 |   20.0 |
          Lair |   8520 |   7674 |    846 |      0 |   6817 |   5 | 1704.0 |
        Shoals |   2110 |   1826 |    284 |     65 |     24 |   4 |  527.5 |
   Spider Nest |   2933 |   2337 |    596 |     19 |   1185 |   4 |  733.2 |
    Slime Pits |    215 |    140 |     75 |      0 |      0 |   5 |   43.0 |
  Orcish Mines |   1441 |   1020 |    421 |      0 |    607 |   2 |  720.5 |
   Elven Halls |   3280 |   3020 |    260 |      0 |   2360 |   3 | 1093.3 |
        Vaults |   5931 |   5139 |    792 |     48 |   2468 |   5 | 1186.2 |
         Crypt |    183 |    144 |     39 |      0 |     59 |   1 |  183.0 |
        Depths |   3518 |   2714 |    804 |      9 |   1527 |   4 |  879.5 |
           Zot |   5218 |   4595 |    623 |     60 |   3059 |   5 | 1043.6 |
        Bazaar |     88 |     88 |      0 |      0 |     50 |   1 |   88.0 |
         Trove |     59 |     59 |      0 |      0 |      0 |   1 |   59.0 |
         Sewer |    178 |    178 |      0 |      0 |    122 |   1 |  178.0 |
       Ossuary |    760 |    760 |      0 |    100 |    358 |   1 |  760.0 |
        Bailey |    302 |    302 |      0 |      0 |    137 |   1 |  302.0 |
      Gauntlet |    564 |    564 |      0 |      0 |    192 |   1 |  564.0 |
               +--------+--------+--------+--------+--------+-----+--------+

Top non-repeatable levels by time:
  Lair:5: 1991 daAuts
     D:9: 1991 daAuts
  Lair:2: 1947 daAuts
  Lair:1: 1883 daAuts
     D:6: 1587 daAuts
  Lair:3: 1452 daAuts
   Zot:3: 1355 daAuts
   Elf:3: 1334 daAuts
Vaults:3: 1330 daAuts
   Elf:1: 1289 daAuts
    D:14: 1275 daAuts
     D:8: 1266 daAuts
    D:11: 1249 daAuts
  Lair:4: 1244 daAuts
     D:1: 1219 daAuts
